 Dungeon Sprint DCSS version 0.17.0-56-gd8de76c (webtiles) character file.

38 kosy22 the Ducker (level 3, -3/37 HPs)
             Began as a Troll Fighter on Dec 5, 2015.
             Killed by divine providence
             ... invoked by an oklob sapling priest
              (11 damage)
             ... in the Dungeon (Sprint IV: "Fedhas' Mad Dash").
             The game lasted 00:00:51 (123 turns).

kosy22 the Ducker (Troll Fighter)                    Turns: 123, Time: 00:00:51

Health: -3/37      AC: -3    Str: 25    XL:     3   Next: 25%
Magic:  2/2        EV:  9    Int:  4    God:
Gold:   15         SH:  9    Dex:  9    Spells: 0 memorised, 2 levels left

rFire  . . .     SeeInvis .       - Unarmed
rCold  . . .     Clarity  .     a - +0 robe
rNeg   . . .     SustAt   .     b - +0 shield
rPois  .         Gourm    +     (helmet restricted)
rElec  .         Spirit   .     (no cloak)
rCorr  .         Warding  .     (gloves unavailable)
rMut   .         NoTele   +     (boots unavailable)
MR     .....                    (no amulet)
Stlth  +.........               (no ring)
                                k - ring of invisibility

@: corroded equipment, not resistant to hostile enchantments, very unstealthy
A: unfitting armour, claws 3, fast metabolism 3, gourmand, regeneration 2,
shaggy fur 1, tough skin 2
a: Evoke Invisibility


You were in the Dungeon.
You were not hungry.

You visited 1 branch You collected 15 gold pieces.

Inventory:

Armour
 a - a +0 robe (worn)
 b - a +0 shield (worn)
Jewellery
 k - a ring of invisibility (left claw)
Scrolls
 j - a scroll of blinking
Potions
 c - a potion of might
 e - a potion of curing
 f - a potion of heal wounds
 g - a potion of haste
 h - 2 potions of magic
 i - a potion of berserk rage
Comestibles
 d - 2 bread rations


   Skills:
 + Level 3.6 Fighting
 + Level 4.1 Dodging
 + Level 3.4 Shields
 + Level 3.0 Unarmed Combat


You had 2 spell levels left.
You didn't know any spells.

Dungeon Overview and Level Annotations

Branches:
Dungeon (1/1)

Altars:
Cheibriados
Dithmenos
Elyvilon
Kikubaaqudgha
Makhleb
Nemelex Xobeh
Okawaru
Ru
Sif Muna
Trog
Vehumet
Xom
Zin
The Shining One
Jiyva
Lugonu

Annotations:
D exclusion: 3 oklob saplings


Innate Abilities, Weirdness & Mutations

You are too large for most types of armour.
You have claws for hands.
Your metabolism is lightning-fast.
You like to eat raw meat.
You heal very quickly.
You are covered in fur (AC +1).
You have very tough skin (AC +2).


Message History

The oklob sapling priest spits acid at you.
The splash of acid hits you!
Ouch! That really hurt!
The acid burns!
* * * LOW HITPOINT WARNING * * *
Found a shimmering altar of Xom and an iron altar of Okawaru.
What do you say? t - Shout!
Orders for allies: a - Attack new target. r - Retreat! s - Stop attacking. w - Wait here. f - Follow me.
Anything else - Stay silent.
Okay, then.
The oklob sapling priest miscasts a cantrip.
There is an ancient bone altar of Kikubaaqudgha here.
The oklob sapling priest miscasts a cantrip.
There is a viscous altar of Jiyva here.
The oklob sapling priest invokes the aid of its god against you.
Something smites you!
You die...

###########################
<..P#.....#.$$$$#.⌠........
PP..'†....'.#)[.@._._._._._
PPPP#†....#P#†..#_._._P_._.
##############+##._._._._._
...#.⌠...._...
#$P$########### #####


You could see an oklob sapling priest.

Vanquished Creatures
  A worker ant (D)
  A river rat (D)
  A rat (D)
3 creatures vanquished.

Notes
Turn   | Place    | Note
--------------------------------------------------------------
     0 | D        | kosy22 the Troll Fighter began the quest for the Orb.
     0 | D        | Reached XP level 1. HP: 22/22 MP: 0/0
    24 | D        | Reached skill level 3 in Dodging
    27 | D        | Reached XP level 2. HP: 10/29 MP: 1/1
    71 | D        | Noticed an oklob sapling
    75 | D        | Noticed a worker ant
    94 | D        | Killed a worker ant
    94 | D        | Reached skill level 4 in Dodging
    94 | D        | Reached XP level 3. HP: 23/37 MP: 2/2
    99 | D        | Noticed an oklob sapling
   114 | D        | Found a snail-covered altar of Cheibriados.
   114 | D        | Found a glowing silver altar of Zin.
   114 | D        | Found a white marble altar of Elyvilon.
   114 | D        | Found a viscous altar of Jiyva.
   114 | D        | Found a radiant altar of Vehumet.
   114 | D        | Found a deep blue altar of Sif Muna.
   114 | D        | Found an ancient bone altar of Kikubaaqudgha.
   114 | D        | Found a bloodstained altar of Trog.
   114 | D        | Found a corrupted altar of Lugonu.
   114 | D        | Noticed an oklob sapling priest
   115 | D        | Found a burning altar of Makhleb.
   115 | D        | Found a sacrificial altar of Ru.
   116 | D        | Found a glowing golden altar of the Shining One.
   116 | D        | Found a sparkling altar of Nemelex Xobeh.
   119 | D        | Found a shadowy altar of Dithmenos.
   120 | D        | Found a shimmering altar of Xom.
   120 | D        | Found an iron altar of Okawaru.
   123 | D        | Killed from afar by an oklob sapling priest

Action                   || total
-------------------------++-------
Melee: Unarmed           ||    36
